 Dungeon Crawl Stone Soup version 0.30-a0-242-g7bf8e6d787 (webtiles) character file.

Game seed: 17136882442870901466

287 drewk1942 the Caller (level 6, -3/41 HPs)
             Began as a Mummy Summoner on Oct 11, 2022.
             Was an Initiate of Sif Muna.
             Slain by a phantom (4 damage)
             ... on level 4 of the Dungeon.
             The game lasted 00:08:21 (3872 turns).

drewk1942 the Caller (Mummy Summoner)               Turns: 3872, Time: 00:08:22

Health: -3/41      AC:  2    Str: 11    XL:     6   Next: 8%
Magic:  9/13       EV: 12    Int: 17    God:    Sif Muna [......]
Gold:   189        SH:  0    Dex: 12    Spells: 8/15 levels left

rFire   x . .      SeeInvis .    g - +0 spear
rCold   + . .      Faith    +    (no shield)
rNeg    + + +      Spirit   .    a - +0 robe
rPois   ∞          Reflect  .    (no helmet)
rElec   .          Harm     .    (no cloak)
rCorr   .          Rampage  .    (no gloves)
Will    .....                    (no boots)
Stlth   ++........               (no amulet)
HPRegen 0.26/turn                (no ring)
MPRegen 0.13/turn                (no ring)

@: no status effects
A: cold resistance 1, negative energy resistance 3, torment resistance 2, heat
vulnerability 1, in touch with death 1, no potions, faith
a: Renounce Religion


You were on level 4 of the Dungeon.
You worshipped Sif Muna.
Sif Muna was noncommittal.
You visited 1 branch of the dungeon, and saw 4 of its levels.

You collected 189 gold pieces.

Inventory:

Hand Weapons
 c - a +0 long sword
 g - a +0 spear (weapon)
 j - a +0 scythe
Armour
 a - a +0 robe (worn)
Wands
 i - a wand of flame (8)
Scrolls
 b - a scroll of immolation {unknown}
 d - 7 scrolls of identify {unknown}
 e - 4 scrolls of fear {unknown}
 f - a scroll of summoning {unknown}
 h - a scroll of enchant weapon {unknown}
 k - a scroll of vulnerability {unknown}
 l - a scroll of noise {unknown}
 m - 2 scrolls of teleportation {unknown}


   Skills:
 - Level 1.5 Dodging
 - Level 1.5 Stealth
 + Level 5.0 Spellcasting
 + Level 5.3 Summonings
 + Level 0.0 Necromancy


You had 8 spell levels left.
You knew the following spells:

 Your Spells              Type           Power      Damage    Failure   Level
a - Summon Small Mammal   Summ           88%        N/A       1%          1
b - Call Imp              Summ           22%        N/A       2%          2
c - Call Canine Familiar  Summ           22%        N/A       4%          3
d - Necrotise             Necr           24%        1d5       14%         1

Your spell library contained the following spells:

 Spells                   Type           Power      Damage    Failure   Level
 Apportation              Tloc           8%         N/A       14%         1
 Kiss of Death            Conj/Necr      24%        2d7       14%         1
 Sting                    Tmut/Pois      16%        1d3       14%         1
 Summon Guardian Golem    Hex/Summ       13%        N/A       14%         3
 Poisonous Vapours        Pois/Air       8%         N/A       22%         2
 Confusing Touch          Hex            4%         N/A       38%         3
 Frozen Ramparts          Ice            8%         1d2       38%         3
 Gell's Gravitas          Tloc           4%         N/A       38%         3
 Lesser Beckoning         Tloc           8%         N/A       38%         3
 Portal Projectile        Hex/Tloc       8%         N/A       38%         3
 Teleport Other           Tloc           4%         N/A       38%         3
 Tukima's Dance           Hex            4%         N/A       38%         3
 Summon Ice Beast         Ice/Summ       13%        N/A       43%         4
 Summon Lightning Spire   Summ/Air       13%        N/A       43%         4
 Dispel Undead            Necr           6%         3d8       80%         4
 Olgreb's Toxic Radiance  Pois           4%         N/A       80%         4
 Ice Form                 Ice/Tmut       Unusable   N/A       N/A         4
 Blade Hands              Tmut           Unusable   N/A       N/A         5

Dungeon Overview and Level Annotations

Branches:
Dungeon (4/15)             Temple (0/1) D:4

Altars:
Sif Muna
Yredelemnul


Innate Abilities, Weirdness & Mutations

You are immune to poison.
Your flesh is cold resistant. (rC+)
You are immune to negative energy. (rN+++)
You are immune to unholy pain and torment.
You are vulnerable to heat. (rF-)
You are in touch with the powers of death.
You do not drink.
You have a special connection with the divine. (Faith)


Message History

You hit the phantom.
The phantom is severely damaged.
The phantom hits you.
The phantom blinks!
You blink.
The orc closely misses you.
The orc throws a boomerang.
The boomerang closely misses you.
Your quokka bites the orc but does no damage.
Your crimson imp barely misses the phantom.
The orc attacks as you move away! The orc hits you with a +0 hand axe.
The orc hits your crimson imp with a +0 hand axe.
Something misses your quokka. The phantom hits you.
The phantom blinks!
You blink.
You barely miss the phantom.
The phantom is severely damaged.
Your quokka disappears in a puff of smoke!
Your hound completely misses the phantom.
The phantom hits you.
Your hound barely misses the phantom.
The phantom hits you.
* * * LOW HITPOINT WARNING * * *
The orc closely misses your hound.
You completely miss the phantom.
The phantom is severely damaged.
Your hound barely misses the phantom.
The phantom hits you but does no damage.
The orc closely misses your hound.
You miss the phantom.
The phantom is severely damaged.
Your hound barely misses the phantom.
Your hound closely misses the phantom.
The phantom hits you.
* * * LOW HITPOINT WARNING * * *
The orc hits your hound with a +0 club.
Your hound misses the phantom. The phantom hits you.
* * * LOW HITPOINT WARNING * * *
The orc hits your hound with a +0 club.
The orc hits your hound with a +0 trident.
Your hound dies!
Your hound's corpse disappears in a puff of smoke!
You closely miss the phantom.
The phantom is severely damaged.
The phantom hits you.
You die...

....>.##... ..... .. .##......#
..... ..........##
....##.#.......... ......$...#
.##....#.##......####..##....)..
....#..... ......##...5#........
##..#.##.##.## #..#..#..........
.............###...o.#.#.......
....................#§.o.....#
...........##...@§##.o§o....##..
............#....W.o..#5...[....
..).....#........§.o..##......#
.#....#...#.#.#....#.....#......
###.###........................#
#..####.#.#.#.#......#.......#
#..## #.......#.....##........
###>... #.#.#.#.......##.....##.
....... #...........######..##


You could see a phantom (ally target), 3 orcs and a friendly crimson imp
(summoned).

Vanquished Creatures
  4 adders
  5 dart slugs
  2 orcs (D:3)
  15 bats
  2 endoplasms (D:1)
  2 giant cockroaches (D:2)
  A hobgoblin (D:2)
  4 kobolds
  A quokka (D:3)
  5 ball pythons
  A frilled lizard (D:1)
  3 goblins
  3 rats
48 creatures vanquished.

Vanquished Creatures (collateral kills)
  Sigmund (D:3)
  2 gnolls (D:4)
  A worm (D:2)
  2 bats (D:1)
  An endoplasm (D:2)
  A giant cockroach (D:4)
  2 quokkas
  3 ball pythons
  2 goblins
  2 kobolds (D:2)
  A rat (D:1)
18 creatures vanquished.

Vanquished Creatures (others)
  9 plants (D:4)
  A withered plant (D:4)
10 creatures vanquished.

Grand Total: 76 creatures vanquished

Notes
Turn   | Place    | Note
-------+----------+-------------------------------------------
     0 | D:1      | drewk1942 the Mummy Summoner began the quest for the Orb.
     0 | D:1      | Reached XP level 1. HP: 13/13 MP: 4/4
   260 | D:1      | Reached XP level 2. HP: 16/19 MP: 3/6
   970 | D:2      | Learned a level 2 spell: Call Imp
  1070 | D:2      | Found a faded altar of an unknown god.
  1334 | D:2      | Gained mutation: You are in touch with the powers of death.
                  | [Mummy growth]
  1334 | D:2      | Reached XP level 3. HP: 21/24 MP: 7/7
  2105 | D:3      | Learned a level 3 spell: Call Canine Familiar
  2174 | D:3      | Noticed Sigmund
  2185 | D:3      | Killed Sigmund
  2186 | D:3      | Reached skill level 5 in Summonings
  2186 | D:3      | Reached XP level 4. HP: 30/30 MP: 5/10
  2186 | D:3      | Reached XP level 5. HP: 35/35 MP: 6/12
  2486 | D:3      | Found a shimmering blue altar of Sif Muna.
  3039 | D:4      | Found a basalt altar of Yredelemnul.
  3086 | D:4      | Found a staircase to the Ecumenical Temple.
  3207 | D:4      | Reached XP level 6. HP: 4/41 MP: 6/13
  3270 | D:3      | Became a worshipper of Sif Muna the Loreminder
  3367 | D:4      | Reached skill level 5 in Spellcasting
  3841 | D:4      | Learned a level 1 spell: Necrotise
  3871 | D:4      | HP: 1/41 [phantom (6)]
  3872 | D:4      | Slain by a phantom

Illustrated notes

Levels and vault maps discovered:
D:1:      spicycebolla_arrival_xxxplode, layout_basic
D:2:      layout_basic, shapermc_ecumenical_altar_mp_vishouse
D:3:      layout_loops_corners, nicolae_overflow_hidden_temple, roderic_batcave,
          uniq_sigmund
D:4:      layout_cave_pools, fedhas_altar_fruit_tree, yredelemnul_altar_generic,
          minmay_temple_entry_ruins, glass_columns_b, nicolae_grassy_gnolls

Skill      XL: |  1  2  3  4  5  6 |
---------------+-------------------+-----
Spellcasting   | 3 4 5 |  5.0
Summonings     | 5 |  5.3
Dodging        | |  1.5
Stealth        | |  1.5

Action                   |  1- 3 |  4- 6 || total
-------------------------+-------+-------++-------
Melee: Unarmed           |    12 |       ||    12
       Long sword        |    18 |       ||    18
       Spear             |    87 |    80 ||   167
       Punch             |     2 |       ||     2
       Halberd           |       |    26 ||    26
 Cast: Summon Small Mamm |    37 |    24 ||    61
       Call Imp          |     4 |     3 ||     7
       Call Canine Famil |     1 |     5 ||     6
Evoke: Wand              |       |     2 ||     2
 Stab: Sleeping          |     8 |     2 ||    10
       Distracted        |       |     1 ||     1
Armor: Robe              |    16 |    21 ||    37
Dodge: Dodged            |    74 |   101 ||   175

Table legend: (Time is in decaauts)
 A = Elapsed time spent in this place.
 B = Non-inter-level travel time spent in this place.
 C = Inter-level travel time spent in this place.
 D = Time resting spent in this place.
 E = Time spent auto-exploring this place.
 F = Levels seen in this place.
 G = Mean time per level.
                   A        B        C        D        E       F      G
               +--------+--------+--------+--------+--------+-----+--------+
         Total |   3908 |   3463 |    445 |    195 |   2572 |   4 |  977.0 |
       Dungeon |   3908 |   3463 |    445 |    195 |   2572 |   4 |  977.0 |
               +--------+--------+--------+--------+--------+-----+--------+

Top non-repeatable levels by time:
     D:3: 1824 daAuts
     D:2: 914 daAuts
     D:1: 851 daAuts
     D:4: 318 daAuts
